 Dungeon Crawl Stone Soup version 0.23.0-3-gf3c87f2 (webtiles) character file.

Game seed: 15871452321447034042

238 inmateoo the Ruffian (level 5, -2/40 HPs)
             Began as a Minotaur Artificer on Feb 21, 2019.
             Was an Initiate of Ru.
             Slain by Sigmund
             ... wielding a +3 scythe of venom
              (3 damage)
             ... on level 3 of the Dungeon.
             The game lasted 00:02:56 (2475 turns).

inmateoo the Ruffian (Minotaur Artificer)           Turns: 2475, Time: 00:02:57

Health: -2/40      AC: 10    Str: 21    XL:     5   Next: 78%
Magic:  6/6        EV:  8    Int:  9    God:    Ru [......]
Gold:   103        SH:  0    Dex: 11    Spells: 4/4 levels left

rFire    . . .     SeeInvis .     - Unarmed
rCold    . . .     Gourm    .   (no shield)
rNeg     . . .     Faith    .   j - +0 chain mail
rPois    .         Spirit   .   (helmet restricted)
rElec    .         Reflect  .   b - +0 cloak
rCorr    .         Harm     .   (no gloves)
MR       .....                  p - +0 pair of boots
Stlth    ..........             (no amulet)
HPRegen  0.13/turn              n - ring of wizardry
MPRegen  0.10/turn              (no ring)

@: mighty, lethally poisoned (-2 -> -24)
A: retaliatory headbutt, horns 2
a: Renounce Religion


You were on level 3 of the Dungeon.
You worshipped Ru.
Ru was noncommittal.
You were not hungry.

You visited 1 branch of the dungeon, and saw 3 of its levels.

You collected 103 gold pieces.

Inventory:

Hand Weapons
 a - a +0 short sword
Armour
 b - a +0 cloak (worn)
 j - a +0 chain mail (worn)
 p - a +0 pair of boots (worn)
Jewellery
 n - a ring of wizardry (left hand)
Wands
 c - a wand of flame (15)
 d - a wand of enslavement (15)
 e - a wand of random effects (37)
Scrolls
 g - a scroll of blinking {unknown}
 h - a scroll of remove curse {unknown}
 k - 5 scrolls of identify {unknown}
 m - a scroll of enchant armour {unknown}
 o - a scroll of immolation {unknown}
Potions
 l - 2 potions of agility
Comestibles
 f - 3 rations


   Skills:
 + Level 1.6 Fighting
 - Level 1.1 Short Blades
 - Level 2.1 Dodging
 - Level 0.7 Stealth
 * Level 6.1 Unarmed Combat
 - Level 2.6 Evocations


You had 4 spell levels left.
You didn't know any spells.
Your spell library was empty.

Dungeon Overview and Level Annotations

Branches:
Dungeon (3/15)

Altars:
Fedhas
Makhleb
Ru
Vehumet
Yredelemnul

Annotations:
D:3 Sigmund


Innate Abilities, Weirdness & Mutations

You reflexively headbutt those who attack you in melee.
You have a pair of horns on your head.


Message History

You feel sick.
It was a potion of might.
You feel very mighty all of a sudden.
* * * LOW HITPOINT WARNING * * *
You feel sick. Something hits you.
* * * LOW HITPOINT WARNING * * *
You are more poisoned.
* * * LOW HITPOINT WARNING * * *
You feel sick.
You punch something!
* * * LOW HITPOINT WARNING * * *
You feel sick. Something hits you but does no damage.
You are more poisoned.
You hit something. Your headbutt misses something.
* * * LOW HITPOINT WARNING * * *
You feel sick.
Your chain mail prevents you from hitting something.
* * * LOW HITPOINT WARNING * * *
You feel sick. Something hits you.
You die...

#+##+#. ##########
#..#.#. #<.......#
#...... #........#
#..#.#. #........#
#....#. #........#
#.#..#.
#...[..(.######.#..#.
#.##..........#รท##.#.
#.##@########.#.##.##
#.##.# #......##...
##'##.#.....#.#####..#
#####.....#.###...
...... ...........#
#.#. ###. ...#.......#
..... #. . #.#....##
### ## # #.#....# #
#....#


There were no monsters in sight!

Vanquished Creatures
  Crazy Yiuf (D:2)
  Jessica (D:3)
  Natasha (thrice) (D:2 D:1)
  Robin (D:2)
  3 adders (D:2)
  A dart slug (D:3)
  3 leopard geckos (D:1)
  A ball python (D:1)
  3 giant cockroaches
  12 goblins
  15 hobgoblins
  4 jackals (D:2)
  A quokka (D:3)
  7 bats
  A frilled lizard (D:2)
  3 kobolds
  7 rats
  A spectral orc (D:2)
68 creatures vanquished.

Notes
Turn   | Place    | Note
-------+----------+-------------------------------------------
     0 | D:1      | inmateoo the Minotaur Artificer began the quest for the
                  | Orb.
     0 | D:1      | Reached XP level 1. HP: 16/16 MP: 1/1
    25 | D:1      | Reached skill level 1 in Unarmed Combat
   264 | D:1      | Reached skill level 2 in Unarmed Combat
   264 | D:1      | Reached XP level 2. HP: 23/23 MP: 3/3
  1026 | D:2      | Noticed Natasha
  1028 | D:2      | Noticed a crimson imp
  1039 | D:2      | Noticed a crimson imp
  1050 | D:1      | Reached skill level 3 in Unarmed Combat
  1050 | D:1      | Reached XP level 3. HP: 14/28 MP: 4/4
  1238 | D:2      | Killed Natasha
  1253 | D:2      | Found a burning altar of Makhleb.
  1258 | D:2      | Found a radiant altar of Vehumet.
  1270 | D:2      | Noticed Natasha
  1291 | D:1      | Killed Natasha
  1291 | D:1      | Reached skill level 4 in Unarmed Combat
  1291 | D:1      | Reached XP level 4. HP: 11/35 MP: 5/5
  1356 | D:1      | Noticed Natasha
  1363 | D:1      | Killed Natasha
  1666 | D:2      | Reached skill level 5 in Unarmed Combat
  1681 | D:2      | Found a blossoming altar of Fedhas.
  1724 | D:2      | Noticed Robin
  1733 | D:2      | Killed Robin
  1733 | D:2      | Reached XP level 5. HP: 38/40 MP: 6/6
  1924 | D:2      | Found a sacrificial altar of Ru.
  1944 | D:2      | Became a worshipper of Ru the Awakened
  2034 | D:2      | Found a runed translucent door.
  2035 | D:2      | Noticed Crazy Yiuf
  2069 | D:2      | Found a basalt altar of Yredelemnul.
  2118 | D:2      | Killed Crazy Yiuf
  2422 | D:3      | Reached skill level 6 in Unarmed Combat
  2433 | D:3      | Noticed Jessica
  2444 | D:3      | Killed Jessica
  2454 | D:3      | Noticed Sigmund
  2475 | D:3      | HP: 1/40 [poisoned by Sigmund]
  2475 | D:3      | Slain by Sigmund

Skill      XL: |  1  2  3  4  5 |
---------------+----------------+-----
Unarmed Combat | 2 3 4 5 6 |  6.1
Fighting       | |  1.6
Short Blades   | |  1.1
Dodging        | |  2.1
Stealth        | |  0.7
Evocations     | |  2.6

Action                   |  1- 3 |  4- 6 || total
-------------------------+-------+-------++-------
Melee: Unarmed           |   115 |   115 ||   230
       Headbutt          |    17 |    10 ||    27
  Use: Potion            |       |     4 ||     4
  Eat: Chunk             |     1 |     4 ||     5
Armor: Leather armour    |     5 |       ||     5
       Chain mail        |    59 |    80 ||   139
Dodge: Dodged            |    42 |    55 ||    97
